 Dungeon Crawl Stone Soup version 0.18-a0-1157-g59db91b (webtiles) character file.

84 Turd the Firebug (level 4, -2/32 HPs)
             Began as a Mummy Fire Elementalist on Jan 1, 2016.
             Engulfed by a cloud of steam (13 damage)
             ... on level 3 of the Dungeon on Jan 23, 2016.
             The game lasted 00:29:25 (1933 turns).

Turd the Firebug (Mummy Fire Elementalist)          Turns: 1933, Time: 00:29:25

Health: -2/32      AC:  5    Str: 11    XL:     4   Next: 23%
Magic:  7/7        EV: 10    Int: 15    God:
Gold:   94         SH:  0    Dex: 12    Spells: 1 memorised, 6 levels left

rFire  x . .     SeeInvis .     r - +0 hand axe (curse)
rCold  + + .     Gourm    .     h - +0 ring mail
rNeg   + + +     Faith    .     (no shield)
rPois  ∞         Spirit   .     (no helmet)
rElec  .         Dismiss  .     (no cloak)
rCorr  .         Reflect  .     (no gloves)
SustAt .         Harm     .     (no boots)
MR     .....                    p - amulet of magic regeneration
Stlth  +.........               (no ring)
                                o - ring of protection from cold

@: not resistant to hostile enchantments, very unstealthy
A: no food or potions, fire vulnerability, cold resistance 1, negative energy
resistance 3, torment resistance, unbreathing
a: no special abilities


You were on level 3 of the Dungeon.
You were not hungry.

You visited 1 branch of the dungeon, and saw 3 of its levels.

You collected 94 gold pieces.

Inventory:

Hand Weapons
 c - a +0 club
 i - a +0 hand axe
 l - a +0 dagger
 r - a cursed +0 hand axe (weapon)
Missiles
 j - 25 poisoned needles
 q - 50 stones (quivered)
Armour
 a - a +0 robe
 d - a +0 leather armour
 h - a +0 ring mail (worn)
 k - a +0 scale mail
Jewellery
 o - a ring of protection from cold (left hand)
 p - an amulet of magic regeneration (around neck)
Scrolls
 e - a scroll of magic mapping {unknown}
 f - a scroll of fear {unknown}
 m - 2 scrolls of identify {unknown}
 n - a scroll of enchant weapon {unknown}
 s - a scroll of amnesia {unknown}
Books
 b - a book of Flames

   Spells                             Type                      Level
   a - Flame Tongue                   Conjuration/Fire             1
   b - Throw Flame                    Conjuration/Fire             2
   c - Conjure Flame                  Conjuration/Fire             3
   d - Inner Flame                    Hexes/Fire                   3
   e - Sticky Flame                   Conjuration/Fire             4
   f - Fireball                       Conjuration/Fire             5
Comestibles
 g - 2 fruits


   Skills:
 * Level 1.2 Fighting
 + Level 0.1 Throwing
 * Level 1.3 Armour
 + Level 1.7 Dodging
 + Level 2.1 Stealth
 + Level 2.2 Spellcasting
 * Level 1.3 Conjurations
 + Level 2.7 Fire Magic


You had 6 spell levels left.
You knew the following spells:

 Your Spells              Type           Power        Failure   Level  Hunger
a - Flame Tongue          Conj/Fire      #....        24%         1    N/A

Dungeon Overview and Level Annotations

Branches:
Dungeon (3/15)

Altars:
Kikubaaqudgha
Okawaru
Qazlal
Trog
Yredelemnul


Innate Abilities, Weirdness & Mutations

You do not eat or drink.
Your flesh is vulnerable to fire.
You are immune to poison.
Your flesh is cold resistant.
You are immune to negative energy.
You are immune to unholy pain and torment.
You can survive without breathing.


Message History

Casting: Flame Tongue
Confirm with . or Enter, or press ? or * to list all spells.
Aiming: Flame Tongue
Press: ? - help, Shift-Dir - straight line, f - giant cockroach
Aim: a giant cockroach (clinging)
The flame tongue hits the giant cockroach.
The giant cockroach is moderately wounded.
The giant cockroach is engulfed in a cloud of scalding steam.
The giant cockroach bites you but does no damage.
The giant cockroach is engulfed in a cloud of scalding steam.
You kill the giant cockroach!
Really walk into that cloud of steam? [Y]es or [N]o only, please.
Really walk into that cloud of steam? [Y]es or [N]o only, please.
Really walk into that cloud of steam?
Okay, then.
You are engulfed in a cloud of scalding steam.
You are engulfed in a cloud of scalding steam.
You die...

#########
##≈.≈≈≈≈≈##
#≈#######≈#
#.#.≈§†##†#
#≈# #@#.#
#≈# #≈#≈#
#≈# #†#≈#
#≈# #≈#.#
#≈#####≈#†#
##≈.≈≈≈##≈#
#######.##
######.#
#......#


There were no monsters in sight!

Vanquished Creatures
  2 adders (D:2)
  A river rat (D:3)
  3 oozes (D:1)
  A worm (D:2)
  A giant gecko (D:3)
  An orc (D:3)
  4 bats (D:1)
  3 giant cockroaches
  6 goblins
  3 hobgoblins
  2 quokkas
  3 giant newts
  5 kobolds
  8 rats
  A plant (D:1)
44 creatures vanquished.

Notes
Turn   | Place    | Note
--------------------------------------------------------------
     0 | D:1      | Turd the Mummy Fire Elementalist began the quest for the Orb.
     0 | D:1      | Reached XP level 1. HP: 13/13 MP: 3/3
   735 | D:1      | Reached XP level 2. HP: 10/19 MP: 3/5
   736 | D:1      | Upgraded the game from 0.18-a0-965-g9200175 to 0.18-a0-1157-g59db91b
   997 | D:2      | Reached skill level 1 in Armour
   998 | D:2      | Reached XP level 3. HP: 8/25 MP: 6/6
  1256 | D:1      | Reached skill level 1 in Fighting
  1388 | D:1      | Reached skill level 1 in Conjurations
  1510 | D:2      | Found a stormy altar of Qazlal.
  1533 | D:2      | Found a bloodstained altar of Trog.
  1536 | D:2      | Found an iron altar of Okawaru.
  1622 | D:2      | Found a basalt altar of Yredelemnul.
  1762 | D:3      | Found an ancient bone altar of Kikubaaqudgha.
  1779 | D:3      | Reached XP level 4. HP: 27/32 MP: 2/7
  1933 | D:3      | Engulfed by a cloud of steam

Vault maps used:
D:1:      tarquinn_simple_flora_water_a
D:2:      lemuel_crystal_altar, grunt_qazlal_sundering, lemuel_round_altar,
          grunt_temple_overflow_open
D:3:      nicolae_overflow_crystal_walls, gup_sewer_entry_spiral,
          lemuel_tele_altar, uniq_terence, uniq_crazy_yiuf_cottage, uniq_jessica

Action                   |  1- 3 |  4- 6 || total
-------------------------+-------+-------++-------
Melee: Unarmed           |   243 |       ||   243
       Club              |    41 |       ||    41
       Hand axe          |    31 |     7 ||    38
Throw: Stone             |    11 |     1 ||    12
 Cast: Flame Tongue      |    50 |     7 ||    57
 Stab: Sleeping          |     2 |       ||     2
